AoeStats
← KickAssKenny

African Clearing

506786029Analyzed
2v2 RM · 17d ago on Sep 15, 2026· 66m 59s· 4 players
Game mode
Random Map
Map size
Medium (4 player)
Population
200
Speed
Normal
Resources
Standard
Victory
Conquest
Starting age
Dark Age
Ending age
Imperial Age
RankedLock teamsTeams togetherTeam positionsShared explorationLock speedFull tech treeHidden civsTurbo modeCheats
Victory
Defeat
🇵🇪 Magyars · Peru
1021
+19
🇵🇪 Franks · Peru
1021
+19
🇨🇦 Mongols · Canada
1092
-19
🇨🇦 Vietnamese · Canada
1085
-19
Levi
10:29 Loom
12:41 Feudal Age
13:24 Double-Bit Axe
13:21 Horse Collar
19:03 Castle Age
17:24 Gold Mining
18:04 Fletching
19:52 Wheelbarrow
20:08 Bow Saw
20:14 Heavy Plow
22:20 Pikeman
23:38 Squires
23:43 Elite Skirmisher
25:09 Scale Mail Armor
25:52 Forging
26:48 Town Watch
27:53 Padded Archer Armor
29:41 Husbandry
30:00 Bloodlines
29:55 Stone Mining
32:06 Iron Casting
31:47 Chain Mail Armor
33:23 Stone Shaft Mining
33:26 Hand Cart
33:39 Bodkin Arrow
34:00 Leather Archer Armor
37:11 Imperial Age
34:44 Town Patrol
34:44 Arson
34:24 Light Cavalry
35:28 Scale Barding Armor
37:06 Chain Barding Armor
37:15 Ballistics
36:50 Murder Holes
37:06 Fortified Wall
36:37 Treadmill Crane
36:48 Guard Tower
37:39 Caravan
38:10 Coinage
38:53 Chemistry
37:16 Halberdier
38:00 Bracer
38:52 Crop Rotation
39:01 Plate Mail Armor
39:43 Ring Archer Armor
40:21 Two-Man Saw
40:30 Plate Barding Armor
40:05 Siege Engineers
40:00 Imperial Skirmisher
41:05 Paper Money
42:43 Hoardings
44:20 Banking
44:00 Guilds
43:55 Chatras
45:06 Elite Rattan Archer
KickAssKenny
10:07 Loom
14:30 Feudal Age
15:51 Double-Bit Axe
15:49 Horse Collar
21:53 Castle Age
23:02 Pikeman
26:36 Bow Saw
28:06 Ballistics
27:40 Fletching
27:50 Padded Archer Armor
28:56 Husbandry
31:14 Bodkin Arrow
31:37 Leather Archer Armor
35:05 Heavy Plow
39:13 Imperial Age
38:00 Wheelbarrow
38:18 Murder Holes
39:16 Hand Cart
38:46 Town Watch
40:06 Bracer
42:40 Chemistry
41:51 Fortified Wall
43:31 Hoardings
44:03 Elite Mangudai
45:18 Conscription
47:03 Forging
46:59 Scale Barding Armor
46:57 Scale Mail Armor
51:10 Iron Casting
54:00 Bloodlines
53:10 Light Cavalry
55:07 Capped Ram
57:59 Squires
59:10 Siege Ram
60:15 Drill
60:10 Elite Skirmisher
61:17 Parthian Tactics
jjnolasco.lescano
12:36 Feudal Age
17:12 Castle Age
15:41 Gold Mining
21:48 Loom
27:02 Horse Collar
28:11 Wheelbarrow
29:11 Hand Cart
33:56 Imperial Age
31:59 Stone Mining
32:33 Double-Bit Axe
35:59 Chemistry
35:20 Ballistics
34:52 Fletching
36:30 Bow Saw
37:51 Treadmill Crane
39:16 Two-Man Saw
38:35 Bodkin Arrow
38:46 Scale Barding Armor
39:18 Bloodlines
39:13 Loom
40:40 Husbandry
40:57 Cavalier
42:15 Chain Barding Armor
42:55 Gold Shaft Mining
43:20 Masonry
43:05 Murder Holes
44:53 Plate Barding Armor
44:57 Town Watch
48:56 Heavy Plow
49:05 Murder Holes
49:16 Siege Engineers
49:02 Heated Shot
49:16 Bracer
49:18 Town Patrol
54:27 Padded Archer Armor
53:54 Crossbowman
54:39 Thumb Ring
57:19 Leather Archer Armor
57:08 Arbalester
57:42 Elite Skirmisher
60:34 Crop Rotation
61:51 Guard Tower
65:53 Ring Archer Armor
mikeriosc
10:17 Loom
13:25 Feudal Age
13:53 Double-Bit Axe
23:13 Castle Age
22:08 Gold Mining
23:42 Stone Mining
24:18 Bow Saw
26:13 Wheelbarrow
27:52 Gold Shaft Mining
30:12 Hand Cart
38:00 Imperial Age
36:23 Husbandry
36:36 Forging
36:17 Fletching
36:33 Scale Barding Armor
36:51 Ballistics
36:38 Murder Holes
38:23 Iron Casting
38:53 Chain Barding Armor
38:21 Cavalier
41:08 Caravan
41:35 Paladin
42:51 #83
44:21 Blast Furnace
43:59 Plate Barding Armor
46:34 Elite Throwing Axeman
Connection lost

Rejoining the realm…

Still unreachable

The connection could not be restored.

Session expired

The server has moved on; the page needs a fresh start.